 Dungeon Crawl Stone Soup version 0.27-a0-1105-g946c659c87 (webtiles) character file.

Game seed: 2948988521075523736

4 spiderkeys the Ruffian (level 1, 19/19 HPs)
             Began as a Ghoul Monk on Apr 30, 2021.
             Quit the game on level 1 of the Dungeon.
             The game lasted 00:00:47 (78 turns).

spiderkeys the Ruffian (Ghoul Monk)                   Turns: 78, Time: 00:00:47

Health: 19/19      AC:  2    Str: 14    XL:     1   Next: 60%
Magic:  0/0        EV: 12    Int:  5    God:
Gold:   8          SH:  0    Dex: 11    Spells: 0/0 levels left

rFire    . . .     SeeInvis .     - Unarmed
rCold    + . .     Faith    .   (no shield)
rNeg     + + +     Spirit   .   a - +0 robe
rPois    ∞         Reflect  .   (no helmet)
rElec    .         Harm     .   (no cloak)
rCorr    .         Rampage  .   (no gloves)
Will     .....                  (no boots)
Stlth    ++........             (no amulet)
HPRegen  0.06/turn              (no ring)
MPRegen  0.07/turn              (no ring)

@: no status effects
A: claws 1, cold resistance 1, negative energy resistance 3, inhibited
regeneration, torment resistance 2, unbreathing 1
a: no special abilities


You were on level 1 of the Dungeon.
You visited 1 branch of the dungeon, and saw 1 of its levels.

You collected 8 gold pieces.


Innate Abilities, Weirdness & Mutations

You thrive by killing the living.
You are immune to poison.
You have sharp fingernails.
Your flesh is cold resistant. (rC+)
You are immune to negative energy. (rN+++)
You do not regenerate when monsters are visible.
You are immune to unholy pain and torment.
You can survive without breathing.


   Skills:
 + Level 3.3 Fighting
 + Level 2.7 Dodging
 + Level 2.3 Stealth
 * Level 3.4 Unarmed Combat


You couldn't memorise any spells.
You didn't know any spells.
Your spell library was empty.

Inventory:

Missiles
 b - 8 stones (quivered)
Armour
 a - a +0 robe (worn)

Dungeon Overview and Level Annotations

Branches:
Dungeon (1/15)

Altars:

...###. # ##.####
......# .#.#### #+#
...########.#
#.†#........######
...#.###.........#
#.##.#...#...###.#
#.##..##......##@#
#.##.##......###)#
#.##.##..#........
#........#.#####.##
####.......# #.#
###...### #.#
###.... ..# ####
###


There were no monsters in sight!


Message History

🤖 Initializing magus.rc ...
Options error: Delay interrupt name "hungry" not recognised. (~/.crawlrc:4988) ✅ Successfully initialized magus.rc [v1.9.10] Welcome, spiderkeys the Ghoul Monk.
Will you prevail where others failed? Will you find the Orb of Zot?
Press ? for a list of commands and other information.
Found 8 gold pieces.
Found a staircase leading out of the dungeon.
You now have 8 gold pieces.
b - 8 stones A dart slug comes into view.
The dart slug launches a dart at you. The slug dart misses you.
The dart slug bites you. 😕 HP[-1]
You take 1 damage, and now have 18/19 hp.
You scratch the dart slug. You scratch the dart slug.
You kill the dart slug!
You feel better. 😎 HP[+1]
Your hp is fully restored (19).
No target in view!
No target in view!
A goblin comes into view. It is wielding a +0 club.
The goblin shouts!
The goblin closely misses you.
You claw the goblin!
You kill the goblin!
No target in view!
You are not religious.
Are you sure you want to abandon this character and quit the game? (Confirm with "yes".)

Action                   || total
-------------------------++-------
Melee: Unarmed           ||     3
Dodge: Dodged            ||     2

Levels and vault maps discovered:
D:1:      dpeg_arrival_arbitrary_c, layout_loops_corners, serial_forest,
          infiniplex_forest_end_2, infiniplex_forest_clump_tiny,
          infiniplex_forest_clump_cross, infiniplex_forest_straight_2,
          infiniplex_forest_clump_curved, infiniplex_forest_clump_tiny,
          minmay_misc_feat_enclosed, chequers_mini_garden, minmay_bisected

Notes
Turn   | Place    | Note
-------+----------+-------------------------------------------
     0 | D:1      | spiderkeys the Ghoul Monk began the quest for the Orb.
     0 | D:1      | Reached XP level 1. HP: 19/19 MP: 0/0
     0 | D:1      | magus.rc [v1.9.10]
    78 | D:1      | Quit the game

Vanquished Creatures
  A dart slug (D:1)
  A goblin (D:1)
2 creatures vanquished.

Table legend:
 A = Non-vault XP
 B = Vault XP
 C = Vault XP percentage of total XP
 D = Non-vault monster count
 E = Vault monster count
 F = Vault count percentage of total count
                 A         B        C        D         E       F
            +---------+---------+-------+---------+---------+-------
      Total |       6 |       0 |   0.0 |       2 |       0 |   0.0
            +---------+---------+-------+---------+---------+-------
        D:1 |       6 |       0 |   0.0 |       2 |       0 |   0.0
            +---------+---------+-------+---------+---------+-------

Illustrated notes

Table legend:
 A = Kills in this place as a percentage of kills in entire the game.
 B = Kills by you in this place as a percentage of kills by you in the entire game.
 C = Kills by friends in this place as a percentage of kills by friends in the entire game.
 D = Other kills in this place as a percentage of other kills in the entire game.
 E = Experience gained in this place as a percentage of experience gained in the entire game.
 F = Experience gained in this place divided by the number of levels of this place that you have seen.
                   A       B       C       D       E      F
               +-------+-------+-------+-------+-------+----------------------
         Total | 100.0 | 100.0 |   N/A |   N/A | 100.0 |   6.0
       Dungeon | 100.0 | 100.0 |   N/A |   N/A | 100.0 |   6.0
               +-------+-------+-------+-------+-------+----------------------

Table legend: (Time is in decaauts)
 A = Elapsed time spent in this place.
 B = Non-inter-level travel time spent in this place.
 C = Inter-level travel time spent in this place.
 D = Time resting spent in this place.
 E = Time spent auto-exploring this place.
 F = Levels seen in this place.
 G = Mean time per level.
                   A        B        C        D        E       F      G
               +--------+--------+--------+--------+--------+-----+--------+
         Total |     77 |     77 |      0 |      0 |     66 |   1 |   77.0 |
       Dungeon |     77 |     77 |      0 |      0 |     66 |   1 |   77.0 |
               +--------+--------+--------+--------+--------+-----+--------+

Top non-repeatable levels by time:
     D:1: 77 daAuts
